Map: Deathaura LE

Players

RiSky - Winner!

  • Race: Zerg Zerg
  • Spawn Location: 5:00

EnDerr

  • Race: Zerg Zerg
  • League: Master
  • Spawn Location: 11:00

Event: DreamHack SC2 Masters 2020 Fall

VOD

Have the link to the VOD?

Description

Time

  • Played on: Aug. 27, 2020, 7:26 a.m.
  • Length: 8:25

All games in this series

Show
View Real Time Build Order
Export as new Build Order

RiSky Zerg - Winner!

Build Orders: Hatch First 

Get SALT Encoding   

  12  0:00  Drone  
  13  0:12  Overlord  
  13  0:16  Drone  
  14  0:30  Drone x2  
  16  0:48  Hatchery  
  15  0:51  Drone  
  15  0:54  Drone  
  17  0:57  Drone  
  18  1:09  Extractor  
  17  1:13  Spawning Pool  
  17  1:16  Drone  
  17  1:19  Drone  
  18  1:27  Drone  
  19  1:38  Drone  
  20  1:49  Overlord  
  20  2:00  Queen x2  
  24  2:02  Zergling x4  
  26  2:09  Metabolic Boost  
  26  2:11  Drone x2  
  28  2:21  Drone  
  28  2:22  Drone  
  30  2:33  Hatchery  
  30  2:36  Drone  
  30  2:39  Drone  
  31  2:45  Drone  
  32  2:53  Overlord, Baneling Nest  
  32  2:55  Drone  
  32  3:02  Zergling x2  
  32  3:12  Drone  
  33  3:14  Zergling x4  
  33  3:16  Drone x2  
  33  3:17  Drone x2  
  33  3:18  Drone  
  40  3:22  Overlord  
  41  3:27  Drone  
  41  3:28  Evolution Chamber  
  40  3:35  Zergling x2  
  40  3:36  Baneling  
  40  3:40  Drone  
  42  3:43  Baneling x2  
  42  3:46  Zergling x4  
  42  3:47  Zergling x10  
  49  3:50  Overlord  
  49  4:07  Baneling  
  49  4:08  Baneling  
  47  4:19  Zerg Missile Weapons Level 1  
  47  4:20  Drone x2, Extractor x2  
  47  4:21  Roach Warren  
  46  4:25  Drone x9  
  46  4:26  Drone x2, Overlord  
  56  4:39  Overlord  
  56  4:51  Lair  
  56  4:52  Drone x5, Queen  
  63  5:00  Drone  
  63  5:04  Drone x2  
  63  5:06  Drone  
  66  5:08  Overlord  
  66  5:10  Zergling x12  
  72  5:15  Baneling x3  
  72  5:16  Roach  
  73  5:23  Roach x3  
  73  5:24  Roach  
  81  5:28  Roach x2  
  82  5:38  Overlord  
  82  5:41  Drone x2  
  83  5:44  Overlord  
  83  5:47  Overlord  
  83  5:49  Drone x4  
  86  5:51  Extractor, Overseer  
  86  5:52  Extractor  
  86  5:53  Extractor, Roach  
  86  5:56  Roach  
  86  6:00  Roach  
  88  6:04  Roach  
  88  6:07  Roach  
  88  6:09  Roach x3  
  98  6:15  Roach x7  
  112  6:21  Overlord  
  112  6:31  Overlord  
  112  6:36  Overlord x3  
  105  6:40  Roach x4  
  105  6:44  Roach x3  
  105  6:46  Glial Reconstitution  
  112  6:48  Roach  
  112  6:51  Overlord  
  111  6:56  Roach  
  111  6:58  Overseer  
  113  7:02  Roach  
  113  7:03  Roach x2  
  117  7:10  Roach x3  
  117  7:13  Roach  
  125  7:16  Roach  
  125  7:22  Roach x3  
  133  7:25  Ravager  
  133  7:26  Ravager  
  133  7:29  Roach  
  137  7:33  Roach x3  
  143  7:38  Roach x2  
  147  7:47  Roach x3  
  147  7:50  Overlord  
  151  7:57  Overlord  
  145  8:01  Roach x5  
Show
View Real Time Build Order
Export as new Build Order

EnDerr Zerg 

Build Orders: Hatch First, Zergling Baneling 

Get SALT Encoding   

  12  0:00  Drone  
  13  0:12  Overlord  
  13  0:17  Drone  
  14  0:30  Drone x2  
  16  0:48  Hatchery  
  15  0:51  Drone  
  15  0:55  Drone  
  17  0:59  Drone  
  18  1:09  Extractor  
  17  1:15  Spawning Pool  
  17  1:17  Drone  
  17  1:21  Drone  
  18  1:28  Drone  
  19  1:41  Drone  
  20  1:54  Drone  
  21  2:01  Queen x2  
  21  2:03  Drone x2  
  27  2:10  Metabolic Boost  
  27  2:11  Overlord  
  27  2:17  Drone  
  28  2:30  Zergling x2  
  28  2:32  Zergling x2  
  28  2:35  Hatchery  
  29  2:49  Baneling Nest  
  28  2:53  Drone x4  
  28  2:56  Overlord  
  31  3:06  Zergling x4  
  31  3:11  Zergling x2  
  34  3:15  Zergling x8  
  38  3:21  Drone x2  
  38  3:25  Evolution Chamber  
  39  3:31  Queen  
  41  3:38  Drone x3  
  44  3:42  Overlord  
  44  3:43  Baneling x3  
  44  3:47  Baneling  
  44  3:52  Drone x2  
  44  3:53  Drone x2  
  48  3:56  Drone x2  
  48  4:15  Drone x5  
  52  4:19  Extractor  
  52  4:20  Roach Warren, Zerg Missile Weapons Level 1  
  50  4:24  Baneling  
  50  4:28  Zergling x12  
  55  4:34  Baneling  
  54  4:38  Overlord  
  53  4:48  Extractor  
  53  4:50  Baneling x2  
  53  4:51  Zergling x10  
  57  5:04  Drone x3, Overlord  
  60  5:15  Overlord  
  60  5:27  Roach  
  60  5:28  Roach x4  
  69  5:29  Roach x2  
  69  5:34  Roach x3  
  78  5:40  Drone  
  78  5:41  Drone x3  
  78  5:42  Overlord x2  
  81  5:46  Lair  
  78  5:58  Drone x3  
  78  6:00  Drone x3  
  78  6:02  Drone x3  
  78  6:03  Drone  
  88  6:10  Drone, Extractor  
  88  6:17  Roach x3  
  92  6:19  Roach x2  
  92  6:23  Roach  
  94  6:25  Roach  
  94  6:26  Roach x2  
  94  6:31  Roach  
  95  6:34  Roach  
  95  6:35  Roach  
  95  6:36  Roach  
  91  6:41  Roach  
  91  6:44  Baneling  
  91  6:45  Baneling x2  
  76  6:48  Drone x6  
  80  6:54  Glial Reconstitution  
  80  6:57  Drone x4  
  84  7:02  Queen x2  
  87  7:12  Roach x2  
  87  7:14  Overlord x2  
  89  7:25  Spine Crawler  
  89  7:28  Roach  
  89  7:29  Overlord  
  90  7:30  Overlord  
  90  7:33  Roach x3  
  90  7:36  Roach  
  98  7:38  Roach  
  98  7:41  Roach x2  
  104  7:45  Roach  
  97  7:52  Roach  
  97  7:53  Roach  
  97  7:58  Roach  
  83  8:00  Roach  
  83  8:03  Roach  

Tags
 
Add a new tag
Caveats
  • Supply blocks, unpowered buildings, or Contaminate may cause inaccurate times.
  • Supply counts are checked every 10 seconds.